 Dungeon Crawl Stone Soup version 0.25-a0-1133-g93ebf73 (webtiles) character file.

Game seed: 6790950162055705955, levelgen mode: deterministic

43 thirtiethelement the Skirmisher (level 3, -5/29 HPs)
             Began as a Demonspawn Abyssal Knight on May 22, 2020.
             Was a Follower of Lugonu.
             Slain by a howler monkey (7 damage)
             ... on level 2 of the Dungeon.
             The game lasted 00:06:25 (1262 turns).

thirtiethelement the Skirmisher (DsAK)              Turns: 1262, Time: 00:06:26

Health: -5/29      AC:  7    Str: 13    XL:     3   Next: 37%
Magic:  4/4        EV: 10    Int:  9    God:    Lugonu [*.....]
Gold:   119        SH:  0    Dex: 12    Spells: 2/2 levels left

rFire    . . .     SeeInvis .   a - +1 falchion
rCold    . . .     Gourm    .   (no shield)
rNeg     . . .     Faith    .   b - +0 ring mail (curse)
rPois    .         Spirit   .   (no helmet)
rElec    .         Reflect  .   (no cloak)
rCorr    .         Harm     .   (no gloves)
MR       .....                  (no boots)
Stlth    +.........             d - amulet of magic regeneration
HPRegen  0.09/turn              (no ring)
MPRegen  0.34/turn              (no ring)

@: no status effects
A: yellow scales 1, [dopey 2], [low mp 2]
a: Depart the Abyss, Renounce Religion


You were on level 2 of the Dungeon.
You worshipped Lugonu.
Lugonu was aware of your devotion.
You were not hungry.

You visited 1 branch of the dungeon, and saw 2 of its levels.
You visited the Abyss 1 time.

You collected 119 gold pieces.

Inventory:

Hand Weapons
 a - a +1 falchion (weapon)
Armour
 b - a cursed +0 ring mail (worn)
Jewellery
 d - an amulet of magic regeneration (around neck)
Scrolls
 e - a scroll of identify {unknown}
 f - a scroll of immolation {unknown}
 g - a scroll of brand weapon {unknown}
 i - a scroll of teleportation {unknown}
 j - a scroll of enchant weapon {unknown}
Potions
 h - a potion of berserk rage {unknown}
 k - a potion of heal wounds {unknown}
Comestibles
 c - 3 rations


   Skills:
 + Level 3.6 Fighting
 + Level 2.3 Long Blades
 + Level 2.1 Armour
 + Level 1.1 Dodging
 + Level 0.2 Stealth
 + Level 2.7 Invocations


You had 2 spell levels left.
You didn't know any spells.
Your spell library was empty.

Dungeon Overview and Level Annotations

Branches:
Dungeon (2/15)

Altars:
Ashenzari
Xom


Innate Abilities, Weirdness & Mutations

You are partially covered in yellow scales. (AC +2)
[You are very dopey. (Int -4)]
[Your magical capacity is very low. (-20% MP)]


Message History

The adder barely misses you.
You riposte.
You slash the adder!
The adder is severely wounded.
You hit the howler monkey.
The howler monkey is heavily wounded.
The adder completely misses you. The howler monkey hits you.
* * * LOW HITPOINT WARNING * * *
The adder closely misses you.
You riposte.
You hit the adder.
You kill the adder!
Lugonu accepts your kill.
You barely miss the howler monkey.
The howler monkey is heavily wounded.
The howler monkey hits you.
* * * LOW HITPOINT WARNING * * *
The howler monkey barely misses you.
You hit the howler monkey.
The howler monkey is almost dead.
The howler monkey barely misses you.
You riposte.
You hit the howler monkey.
The howler monkey is almost dead.
The howler monkey hits you!
You die...

#.....)........#
#....†.........#
#..........(...#
#......[......##
#..........##...
#..........#
.###
##########.# #
#.# ###@# #.h.#
#...>..#
...####.# #... #
##.# #. #. #.


You could see a howler monkey.

Vanquished Creatures
  An adder (D:2)
  A worm (D:2)
  4 giant cockroaches
  3 goblins
  6 hobgoblins
  4 kobolds
  2 quokkas (D:2)
  4 bats
  A frilled lizard (D:1)
  3 rats
29 creatures vanquished.

Notes
Turn   | Place    | Note
-------+----------+-------------------------------------------
     0 | Abyss:1  | thirtiethelement the Demonspawn Abyssal Knight began the
                  | quest for the Orb.
     0 | Abyss:1  | Reached XP level 1. HP: 18/18 MP: 2/2
    77 | Abyss:2  | Noticed an iron imp
   111 | Abyss:2  | Noticed a glowing orange brain
   126 | Abyss:2  | Noticed a green draconian
   150 | Abyss:2  | Noticed a wretched star
   155 | Abyss:2  | Noticed a water nymph
   157 | D:1      | Escaped the Abyss
   360 | D:1      | Reached * piety under Lugonu
   556 | D:1      | Gained mutation: You are partially covered in yellow
                  | scales. (AC +2) [demonic ancestry]
   556 | D:1      | Reached XP level 2. HP: 24/24 MP: 3/3
  1114 | D:2      | Reached skill level 1 in Dodging
  1160 | D:2      | Found a shattered altar of Ashenzari.
  1160 | D:2      | Found a shimmering altar of Xom.
  1197 | D:2      | Reached XP level 3. HP: 22/29 MP: 4/4
  1262 | D:2      | Slain by a howler monkey

Illustrated notes

Levels and vault maps discovered:
D:1:      onia_arrival_pyramid, layout_basic
D:2:      layout_rooms, fedhas_ov_isle_minmay, gammafunk_temple_overflow_wave,
          kennysheep_boxes

Skill      XL: |  1  2 |
---------------+-------+-----
Long Blades    | 2 |  2.3
Dodging        | 1 |  1.1
Armour         | 2 |  2.1
Fighting       | |  3.6
Stealth        | |  0.2
Invocations    | |  2.7

Action                   || total
-------------------------++-------
Melee: Falchion          ||   109
Invok: Depart the Abyss  ||     1
  Eat: Ration            ||     1
Armor: Leather armour    ||     6
       Ring mail         ||    40
Dodge: Dodged            ||    65
       Rpst.: Falchion   ||    21

Table legend:
 A = Non-vault XP
 B = Vault XP
 C = Vault XP percentage of total XP
 D = Non-vault monster count
 E = Vault monster count
 F = Vault count percentage of total count
                 A         B        C        D         E       F
            +---------+---------+-------+---------+---------+-------
      Total |      62 |       0 |   0.0 |      29 |       0 |   0.0
            +---------+---------+-------+---------+---------+-------
        D:1 |      23 |       0 |   0.0 |      14 |       0 |   0.0
        D:2 |      39 |       0 |   0.0 |      15 |       0 |   0.0
            +---------+---------+-------+---------+---------+-------
